 Dungeon Crawl Stone Soup version 0.21-a0-509-gecc5317 (webtiles) character file.

32 Dawnplanks the Gusty (level 3, 0/26 HPs)
             Began as a Draconian Air Elementalist on Nov 30, 2017.
             Slain by a kobold
             ... wielding a +0 whip
              (5 damage)
             ... on level 2 of the Dungeon.
             The game lasted 00:04:56 (1400 turns).

Dawnplanks the Gusty (Draconian Air Elementalist)   Turns: 1400, Time: 00:04:57

Health: 0/26       AC:  5    Str: 10    XL:     3   Next: 8%
Magic:  0/6        EV: 12    Int: 16    God:
Gold:   83         SH:  0    Dex: 11    Spells: 5/6 levels left

rFire    + . .     SeeInvis .   f - +0 dagger
rCold    + + .     Gourm    .   (no shield)
rNeg     . . .     Faith    .   (armour unavailable)
rPois    .         Spirit   .   (helmet restricted)
rElec    .         Reflect  .   l - scarf {rC+ rF+}
rCorr    .         Harm     .   (no gloves)
MR       .....                  (no boots)
Stlth    ++........             (no amulet)
HPRegen  0.08/turn              n - ring of protection from cold
MPRegen  0.10/turn              (no ring)

@: very slightly contaminated, slowed, very slow
A: unfitting armour, cold-blooded, AC +5
a: no special abilities


You were on level 2 of the Dungeon.
You were very hungry.

You visited 1 branch of the dungeon, and saw 2 of its levels.

You collected 83 gold pieces.

Inventory:

Hand Weapons
 f - a +0 dagger (weapon)
 k - a +0 club
Armour
 e - a +0 cloak
 l - a scarf of resistance (worn)
 r - a +0 pair of boots
Jewellery
 n - a ring of protection from cold (left hand)
Wands
 p - a wand of disintegration (8)
Scrolls
 c - 4 scrolls of identify {unknown}
 i - a scroll of remove curse {unknown}
 j - a scroll of teleportation {unknown}
Potions
 g - a potion of mutation {unknown}
 h - 2 potions of degeneration {unknown}
 m - a potion of brilliance {unknown}
 o - a potion of curing {unknown}
 q - a potion of haste {unknown}
Books
 a - a book of Air

   Spells                             Type                      Level
   a - Shock                          Conjuration/Air              1
   b - Swiftness                      Charms/Air                   2
   c - Static Discharge               Conjuration/Air              3
   d - Airstrike                      Air                          4
   e - Lightning Bolt                 Conjuration/Air              5
Comestibles
 b - 3 bread rations
 d - a meat ration


   Skills:
 - Level 1.7 Dodging
 - Level 1.7 Stealth
 + Level 2.4 Spellcasting
 + Level 1.9 Conjurations
 + Level 3.4 Air Magic


You had 5 spell levels left.
You knew the following spells:

 Your Spells              Type           Power        Failure   Level  Hunger
a - Shock                 Conj/Air       ##..         6%          1    #......


Dungeon Overview and Level Annotations

Branches:
Dungeon (2/15)

Altars:
Uskayaw

Annotations:
D:2 Natasha


Innate Abilities, Weirdness & Mutations

Your plain brown scales are hard. (AC +5)
You cannot fit into any form of body armour.
You are cold-blooded and may be slowed by cold attacks.


Message History

The kobold hits you with a whip. Natasha claws you but does no damage.
The shadow imp barely misses you.
You closely miss the shadow imp.
The shadow imp is heavily wounded.
The kobold closely misses you. Natasha claws you.
The shadow imp closely misses you.
You closely miss the shadow imp.
Your tail-slap misses the shadow imp.
The shadow imp is heavily wounded.
The kobold closely misses you.
Natasha stares at you and mumbles some strange words.
You feel yourself slow down. The shadow imp gestures at you.
Pain shoots through your body!
You closely miss the shadow imp.
The shadow imp is heavily wounded.
The kobold hits you but does no damage. Natasha claws you.
* * * LOW HITPOINT WARNING * * *
The shadow imp hits you but does no damage.
The kobold hits you with a whip.
You die...

##.## # ##...##
##.##.....##
..#.......###
#....._.....#
#....[..#.# ##.....##.#
##.5K##..# ##@###.##
......h.#...#
#########.### ......
##........## .. ...
##.........)..##
.##.####..............#
.#....................#
......................#
>.....................#


You could see Natasha, a shadow imp and a kobold.

Vanquished Creatures
  An adder (D:2)
  A dart slug (D:2)
  A leopard gecko (D:1)
  2 hobgoblins
  6 kobolds
  A bat (D:2)
  A frilled lizard (D:1)
  5 goblins
  A rat (D:2)
19 creatures vanquished.

Notes
Turn   | Place    | Note
-------+----------+-------------------------------------------
     0 | D:1      | Dawnplanks the Draconian Air Elementalist began the quest for the Orb.
     0 | D:1      | Reached XP level 1. HP: 14/14 MP: 3/3
   906 | D:2      | Reached XP level 2. HP: 20/20 MP: 3/5
  1285 | D:2      | Reached XP level 3. HP: 22/26 MP: 1/6
  1381 | D:2      | Found a hide-covered altar of Uskayaw.
  1388 | D:2      | Noticed Natasha
  1400 | D:2      | Slain by a kobold

Vault maps used:
D:1:      nagdon_arrival_zigzag_paths
D:2:      lemuel_round_altar, first_bread, uniq_natasha

Action                   || total
-------------------------++-------
Melee: Dagger            ||    42
       Tailslap          ||     2
 Cast: Shock             ||    37
  Eat: Chunk             ||     1
Armor: Skin              ||    21
Dodge: Dodged            ||    51

Table legend:
 A = Spawn XP
 B = Non-spawn XP
 C = Spawn XP percentage of total XP
 D = Spawn monster count
 E = Non-spawn monster count
 F = Spawn count percentage of total count
 G = Total turns spent on level
                    A         B        C        D         E        F      G
               +---------+---------+-------+---------+---------+-------+---------
         Total |       0 |      46 |   0.0 |       0 |      19 |   0.0 |  1400
               +---------+---------+-------+---------+---------+-------+---------
           D:1 |       0 |      14 |   0.0 |       0 |       8 |   0.0 |  1165
           D:2 |       0 |      32 |   0.0 |       0 |      11 |   0.0 |   235
               +---------+---------+-------+---------+---------+-------+---------
